 Dungeon Crawl Stone Soup version 0.18-a0-1197-g8004e50 (webtiles) character file.

253 JustSomeDude the Insei (level 5, -2/41 HPs)
             Began as a Demonspawn Monk on Jan 30, 2016.
             Slain by Grinder (5 damage)
             ... on level 3 of the Dungeon.
             The game lasted 00:04:34 (2117 turns).

JustSomeDude the Insei (Demonspawn Monk)            Turns: 2117, Time: 00:04:35

Health: -2/41      AC:  9    Str: 12    XL:     5   Next: 90%
Magic:  5/5        EV: 10    Int: 12    God:
Gold:   84         SH:  0    Dex: 15    Spells: 0 memorised, 4 levels left

rFire  + . .     SeeInvis .     q - +0 war axe
rCold  + . .     Gourm    .     i - +0 scale mail
rNeg   . . .     Faith    .     (no shield)
rPois  +         Spirit   .     (no helmet)
rElec  +         Dismiss  .     (no cloak)
rCorr  +         Reflect  .     (no gloves)
SustAt .         Harm     .     (no boots)
MR     .....                    (no amulet)
Stlth  ++........               (no ring)
                                m - ring of stealth

@: resistant, flying, not resistant to hostile enchantments, unstealthy
A: talons 1, yellow scales 2, powered by death 1
a: no special abilities


You were on level 3 of the Dungeon.
You were not hungry.

You visited 1 branch of the dungeon, and saw 3 of its levels.

You collected 84 gold pieces.

Inventory:

Hand Weapons
 q - a +0 war axe (weapon)
Armour
 a - a +0 robe
 i - a +0 scale mail (worn)
Jewellery
 m - a ring of stealth (left hand)
Scrolls
 d - 3 scrolls of identify {unknown}
 e - a scroll of amnesia {unknown}
 g - 2 scrolls of recharging {unknown}
 j - a scroll of noise {unknown}
 k - a scroll of fog {unknown}
 l - a scroll of immolation {unknown}
 o - 3 scrolls of teleportation {unknown}
 s - a scroll of remove curse {unknown}
 t - a scroll of magic mapping {unknown}
Potions
 f - 2 potions of flight
Comestibles
 b - 3 bread rations
 c - 2 beef jerkies
 p - a slice of pizza


   Skills:
 + Level 3.6 Fighting
 + Level 1.1 Axes
 + Level 2.0 Armour
 + Level 3.9 Dodging
 + Level 2.3 Stealth
 + Level 4.5 Unarmed Combat


You had 4 spell levels left.
You didn't know any spells.

Dungeon Overview and Level Annotations

Branches:
Dungeon (3/15)

Altars:
Ashenzari
Makhleb
Xom

Annotations:
D:3 Grinder


Innate Abilities, Weirdness & Mutations

You have sharp toenails.
You are mostly covered in yellow scales (AC +3).
You regenerate a little health from kills.


Message History

Unknown command.
Unknown command.
Unknown command.
Your scale mail prevents you from hitting Grinder.
Grinder is severely wounded.
You hit the plant but do no damage.
The plant is lightly damaged.
Grinder hits you but does no damage. x2
Unknown command.
Unknown command.
Unknown command.
Unknown command.
You hit Grinder but do no damage. You claw Grinder, but do no damage.
Grinder is severely wounded.
You hit the plant but do no damage.
The plant is lightly damaged.
Grinder hits you!
* * * LOW HITPOINT WARNING * * *
You writhe in agony.
You die...

.. #.......#######
.###.......'.....#
..#.......#####.# .#
#.#...........#.# ..
#.#........##.#.# #.
#....###'#.##.#.#
#..#....# #.#.##.#.#
#..PP...###.#.##.#.###
...♣≈≈@♣%....#.##.#....
...≈≈≈≈5†.)####.##.#..##
##♣≈≈≈≈.≈P.# #.##.#..#
#.≈≈≈≈≈≈P.# #.#..#
#.≈≈≈≈.≈..# #.#..#
..P≈≈≈≈≈.... #....#
#..♣≈≈≈.≈♣.## ####.#
###≈.≈≈≈≈..# #.# P≈≈≈.≈♣
.# #.#


You could see Grinder.

Vanquished Creatures
  An iguana (D:3)
  Ijyb (D:3)
  Robin (D:3)
  3 gnolls (D:2)
  8 adders
  An ooze (D:1)
  2 worms
  2 giant geckos
  2 orcs (D:3)
  2 ball pythons
  4 giant cockroaches
  12 goblins
  10 hobgoblins
  3 jackals (D:2)
  9 bats
  5 giant newts
  7 kobolds
  12 rats
85 creatures vanquished.

Notes
Turn   | Place    | Note
--------------------------------------------------------------
     0 | D:1      | JustSomeDude the Demonspawn Monk began the quest for the Orb.
     0 | D:1      | Reached XP level 1. HP: 18/18 MP: 1/1
    68 | D:1      | Reached skill level 4 in Unarmed Combat
    68 | D:1      | Gained mutation: You have sharp toenails. [demonic ancestry]
    68 | D:1      | Reached XP level 2. HP: 13/24 MP: 2/2
   721 | D:1      | Found a shimmering altar of Xom.
   811 | D:2      | Gained mutation: You regenerate a little health from kills. [demonic ancestry]
   811 | D:2      | Reached XP level 3. HP: 29/29 MP: 3/3
  1120 | D:2      | Reached skill level 1 in Armour
  1120 | D:2      | Gained mutation: You are partially covered in yellow scales (AC +2). [demonic ancestry]
  1120 | D:2      | Reached XP level 4. HP: 31/35 MP: 4/4
  1174 | D:2      | Found a faded altar to an unknown god.
  1339 | D:2      | Found a burning altar of Makhleb.
  1339 | D:2      | Found a shattered altar of Ashenzari.
  1473 | D:3      | Gained mutation: You are mostly covered in yellow scales (AC +3). [demonic ancestry]
  1473 | D:3      | Reached XP level 5. HP: 41/41 MP: 5/5
  1734 | D:3      | Noticed Robin
  1746 | D:3      | Killed Robin
  1884 | D:3      | Noticed Ijyb
  1946 | D:3      | Killed Ijyb
  1946 | D:3      | Reached skill level 1 in Axes
  2064 | D:3      | Noticed Grinder
  2069 | D:3      | Paralysed by Grinder for 5 turns
  2084 | D:3      | Paralysed by Grinder for 3 turns
  2097 | D:3      | Paralysed by Grinder for 5 turns
  2112 | D:3      | Paralysed by Grinder for 2 turns
  2117 | D:3      | Slain by Grinder

Vault maps used:
D:1:      dpeg_arrival_fog, kennysheep_flooded_box
D:2:      nicolae_overflow_hidden_temple, ecumenical_altar_1,
          hangedman_feature_mirror
D:3:      first_bread, serial_bayou_pond_b, uniq_robin, uniq_grinder, uniq_iyjb,
          uniq_sigmund

Action                   |  1- 3 |  4- 6 || total
-------------------------+-------+-------++-------
Melee: Unarmed           |   121 |       ||   121
       War axe           |    10 |   185 ||   195
  Use: Potion            |       |     5 ||     5
 Stab: Sleeping          |     1 |     4 ||     5
  Eat: Meat ration       |       |     1 ||     1
